 Dungeon Crawl Stone Soup version 0.21.1-1-g345015fe64 (webtiles) character file.

11383 FreshCat the Whirler (level 12, 0/84 HPs)
             Began as a Halfling Hunter on Mar 25, 2018.
             Was a Priest of Elyvilon.
             Slain by a yak (12 damage)
             ... on level 2 of the Lair of Beasts on Mar 29, 2018.
             The game lasted 01:24:00 (10722 turns).

FreshCat the Whirler (Halfling Hunter)             Turns: 10722, Time: 01:24:01

Health: 0/84       AC:  9    Str: 13    XL:     12   Next: 7%
Magic:  10/13      EV: 17    Int: 12    God:    Elyvilon [***...]
Gold:   645        SH:  6    Dex: 18    Spells: 10/11 levels left

rFire    . . .     SeeInvis .   a - +6 hunting sling
rCold    . . .     Gourm    +   H - +0 buckler
rNeg     . . .     Faith    .   D - +2 robe of Vegoroy {rPois rCorr Int-2}
rPois    +         Spirit   .   M - +1 helmet {Int+3}
rElec    .         Reflect  .   (no cloak)
rCorr    +         Harm     .   g - +0 pair of gloves
MR       .....                  N - +0 pair of boots
Stlth    ++++......             w - amulet of the gourmand
HPRegen  0.24/turn              (no ring)
MPRegen  0.13/turn              (no ring)

@: no status effects
A: small, mutation resistance 1
a: Lesser Healing, Heal Other, Purification, Divine Protection, Renounce
Religion


You were on level 2 of the Lair of Beasts.
You worshipped Elyvilon.
Elyvilon was most pleased with you.
You were full.

You visited 3 branches of the dungeon, and saw 14 of its levels.
You also visited: Sewer.

You collected 645 gold pieces.

Inventory:

Hand Weapons
 a - a +6 hunting sling (weapon)
 o - a +4 dagger
Missiles
 i - 480 stones (quivered)
 x - 8 exploding tomahawks
Armour
 c - the +1 robe "Peimoig" {rF- Regen+ SInv}
   (You found it on level 6 of the Dungeon)

   It makes you vulnerable to fire.
   It lets you see invisible.
   It increases your rate of regeneration.
 g - a +0 pair of gloves (worn)
 k - a +2 helmet
 A - a +2 ring mail of fire resistance
 D - the +2 robe of Vegoroy (worn) {rPois rCorr Int-2}
   (You found it on level 4 of the Dungeon)

   It affects your intelligence (-2).
   It protects you from poison.
   It protects you from acid and corrosion.
 H - a +0 buckler (worn)
 K - a +0 troll leather armour
 M - a +1 helmet of intelligence (worn)
 N - a +0 pair of boots (worn)
 P - a +2 hat
Jewellery
 w - an amulet of the gourmand (around neck)
Wands
 m - a wand of iceblast (24)
 F - a wand of acid (5)
 G - a wand of flame (7)
 L - a wand of digging (7)
Scrolls
 j - a scroll of summoning
 l - 2 scrolls of identify
 n - a scroll of fear
 q - 7 scrolls of teleportation
 v - a scroll of fog {unknown}
 y - 2 scrolls of blinking {unknown}
 C - a scroll of amnesia
 E - 3 scrolls of remove curse
 I - a scroll of enchant armour {unknown}
 R - a scroll of magic mapping {unknown}
Potions
 d - 5 potions of heal wounds
 e - a potion of magic
 h - 4 potions of lignification
 p - 3 potions of brilliance {unknown}
 r - a potion of cancellation
 s - 2 potions of haste {unknown}
 t - 5 potions of curing {unknown}
 u - 4 potions of might {unknown}
 z - a potion of resistance
 B - 3 potions of mutation {unknown}
 J - 4 potions of agility
 O - a potion of ambrosia {unknown}
Books
 S - a book of Frost

   Spells                             Type                      Level
   a - Freeze                         Ice                          1
   b - Throw Frost                    Conjuration/Ice              2
   c - Ozocubu's Armour               Charms/Ice                   3
   d - Throw Icicle                   Conjuration/Ice              4
   e - Summon Ice Beast               Ice/Summoning                4
Miscellaneous
 Q - a lightning rod (4/4)
Comestibles
 f - 23 rations


   Skills:
 + Level 8.9 Fighting
 + Level 16.2 Slings
 + Level 5.6 Armour
 + Level 4.2 Dodging
 * Level 9.6 Stealth
 + Level 2.9 Shields
 + Level 2.0 Invocations


You had 10 spell levels left.
You knew the following spells:

 Your Spells              Type           Power        Failure   Level  Hunger
a - Freeze                Ice            #...         38%         1    ##.....


Dungeon Overview and Level Annotations

Branches:
Dungeon (10/15)            Temple (1/1) D:7            Lair (3/6) D:9
    Orc (0/2) D:9
  Swamp: Lair:2-4    Shoals: Lair:2-4     Snake: Lair:2-4    Spider: Lair:2-4

Altars:
Ashenzari
Elyvilon
Gozag
Hepliaklqana
Trog
Uskayaw
Wu Jian
Xom

Shops:
D:4 %   D:7 %:


Innate Abilities, Weirdness & Mutations

You are small and have problems with some larger weapons.
You are somewhat resistant to further mutation.


Message History

Firing (i - inventory. (,) - cycle):
i - 483 stones (quivered)
Press: ? - help, Shift-Dir - straight line, f/p - yak
Aim: a yak (moderately wounded)
You shoot a stone. The stone hits the yak!
The yak is heavily wounded.
Firing (i - inventory. (,) - cycle):
i - 482 stones (quivered)
Press: ? - help, Shift-Dir - straight line, f/p - yak
Aim: a yak (heavily wounded)
You shoot a stone.
The stone hits the yak but does no damage.
The yak is heavily wounded.
The yak gores you.
* * * LOW HITPOINT WARNING * * *
Firing (i - inventory. (,) - cycle):
i - 481 stones (quivered)
Press: ? - help, Shift-Dir - straight line, f/p - yak
Aim: a yak (heavily wounded)
You shoot a stone. The stone hits the yak!
The yak is severely wounded.
The yak gores you!
You die...

#.#..# ####...##.#
P....# #.........#
....##
##..P=>.#.## ..P.#
#..........#
###.## ##
#..##...#.##
.#...##
#.##.[#.####.#
.......
..###.#...####.<#
##.....
.......(.Y......#
# ...#.
P.......@........
# ..#
#........##.....##
## ##
#....)....##.####
.##
#.............P
..#
(.......##.#..#
.## #........###
.. .###. #.....(..
# ..... .....#...
#####


You could see a yak.

Vanquished Creatures
  2 two-headed ogres
  Joseph (D:8)
  3 spiny frogs (Lair:2)
  2 komodo dragons
  2 ice devils (Lair:1)
  2 trolls
  A polar bear (Lair:3)
  3 hippogriffs
  The ghost of syranez the Firebug, an amateur OpFE (D:5)
  5 yaks
  A basilisk (Lair:2)
  Edmund (D:6)
  3 water moccasins
  An ice beast (D:9)
  2 black bears
  2 orc warriors (D:9)
  3 phantoms
  A necrophage (D:6)
  2 ogres
  7 wolves (Lair:2)
  6 crocodiles
  2 centaurs (D:6)
  2 big kobolds (D:7)
  6 bullfrogs
  7 scorpions
  11 killer bees
  11 wights
  A howler monkey (D:4)
  2 crimson imps
  A bullfrog zombie (D:5)
  6 hounds
  A centaur skeleton (D:7)
  A gnoll shaman (D:6)
  A jelly (D:5)
  An orc priest (D:9)
  An orc wizard (D:4)
  3 bullfrog skeletons
  5 iguanas
  10 worker ants
  2 hound skeletons
  16 adders
  4 gnolls (D:6)
  4 river rats
  2 shadow imps
  An ooze (D:1)
  5 worms
  A dart slug (D:5)
  3 leopard geckos
  6 orcs
  8 giant cockroaches
  8 goblins
  9 hobgoblins
  6 jackals
  19 kobolds
  7 quokkas
  7 ball pythons
  4 bats
  13 frilled lizards
  A giant cockroach zombie (D:6)
  2 leopard gecko skeletons
  9 rats
260 creatures vanquished.

Vanquished Creatures (others)
  2 fungi (Lair:2)
  2 plants (Lair:2)
4 creatures vanquished.

Grand Total: 264 creatures vanquished

Notes
Turn   | Place    | Note
-------+----------+-------------------------------------------
     0 | D:1      | FreshCat the Halfling Hunter began the quest for the Orb.
     0 | D:1      | Reached XP level 1. HP: 14/14 MP: 1/1
    81 | D:1      | Reached skill level 6 in Slings
    85 | D:1      | Reached XP level 2. HP: 19/19 MP: 2/2
   211 | D:2      | Reached XP level 3. HP: 22/24 MP: 3/3
   260 | D:1      | Reached skill level 7 in Slings
   863 | D:1      | Reached XP level 4. HP: 26/29 MP: 4/4
  1474 | D:3      | Reached skill level 8 in Slings
  1512 | D:3      | Found a glowing drain.
  1522 | Sewer    | Entered a sewer
  1528 | Sewer    | Reached XP level 5. HP: 33/34 MP: 5/5
  2348 | D:3      | Reached skill level 1 in Armour
  2668 | D:3      | You fall through a shaft for 3 floors!
  2723 | D:6      | Reached XP level 6. HP: 41/41 MP: 6/6
  2755 | D:6      | Noticed a water moccasin
  2764 | D:6      | Killed a water moccasin
  2764 | D:6      | Reached skill level 9 in Slings
  2838 | D:6      | Reached XP level 7. HP: 31/46 MP: 7/7
  2841 | D:6      | Got a creamy pearl robe
  2866 | D:5      | Entered Level 5 of the Dungeon
  2879 | D:5      | Noticed syranez's ghost (amateur OpFE)
  3155 | D:4      | Reached skill level 10 in Slings
  3265 | D:4      | Found a hazy altar of Hepliaklqana.
  3476 | D:4      | Got a transparent robe
  3714 | D:4      | Found Moqadeoq's Food Boutique.
  3736 | D:4      | Got a bloodstained hand axe
  4084 | D:4      | Reached XP level 8. HP: 54/54 MP: 8/8
  4275 | D:5      | Killed syranez's ghost
  4275 | D:5      | Reached skill level 11 in Slings
  4702 | D:5      | Reached skill level 5 in Stealth
  4899 | D:5      | Found a shimmering altar of Xom.
  4899 | D:5      | Found a hide-covered altar of Uskayaw.
  4899 | D:5      | Found a shattered altar of Ashenzari.
  4899 | D:5      | Found a bloodstained altar of Trog.
  4912 | D:5      | Found an opulent altar of Gozag.
  4912 | D:5      | Found a white marble altar of Elyvilon.
  4929 | D:5      | Became a worshipper of Elyvilon the Healer
  5272 | D:5      | Identified the +1 robe "Peimoig" {rF- Regen+ SInv} (You found it on level 6 of the Dungeon)
  5273 | D:5      | Identified the +2 robe of Vegoroy {rPois rCorr Int-2} (You found it on level 4 of the Dungeon)
  5341 | D:6      | Reached skill level 12 in Slings
  5341 | D:6      | Reached XP level 9. HP: 59/59 MP: 9/9
  5429 | D:6      | Noticed Edmund
  5443 | D:6      | Killed Edmund
  5903 | D:7      | Found Qebium's Food Boutique.
  5928 | D:7      | Found an ornate altar of the Wu Jian Council.
  5940 | D:7      | Reached skill level 5 in Fighting
  5941 | D:7      | Noticed a hippogriff
  5947 | D:7      | Killed a hippogriff
  5947 | D:7      | Reached skill level 13 in Slings
  5981 | D:7      | Reached * piety under Elyvilon
  6175 | D:7      | Noticed a troll
  6182 | D:7      | Killed a troll
  6369 | D:7      | Found a staircase to the Ecumenical Temple.
  6375 | D:7      | Reached XP level 10. HP: 67/67 MP: 10/10
  6499 | Temple   | Entered the Ecumenical Temple
  6553 | D:7      | Found Mautzu Vira's Book Shoppe.
  6883 | D:8      | Reached ** piety under Elyvilon
  6985 | D:9      | Reached skill level 14 in Slings
  6985 | D:9      | Reached skill level 1 in Shields
  7262 | D:8      | Noticed Joseph
  7281 | D:8      | Killed Joseph
  7734 | D:8      | Noticed a two-headed ogre
  7741 | D:8      | Killed a two-headed ogre
  7741 | D:8      | Reached skill level 5 in Armour
  7741 | D:8      | Reached XP level 11. HP: 75/75 MP: 11/11
  7764 | D:8      | Reached skill level 15 in Slings
  7990 | D:9      | Noticed a two-headed ogre
  7998 | D:9      | Killed a two-headed ogre
  8193 | D:9      | Reached *** piety under Elyvilon
  8299 | D:10     | Entered Level 10 of the Dungeon
  8455 | D:9      | Found a staircase to the Lair.
  8547 | D:9      | Found a staircase to the Orcish Mines.
  8814 | Lair:1   | Entered Level 1 of the Lair of Beasts
  9024 | Lair:1   | Reached skill level 1 in Invocations
  9028 | Lair:1   | Found a frozen archway.
  9248 | Lair:1   | Reached **** piety under Elyvilon
  9939 | Lair:2   | Reached skill level 16 in Slings
 10098 | Lair:2   | HP: 3/78 [poisoned by a spiny frog]
 10103 | Lair:2   | HP: 2/78 [poisoned by a spiny frog]
 10110 | Lair:2   | HP: 2/78 [poisoned by a spiny frog]
 10118 | Lair:2   | HP: 2/78 [poisoned by a spiny frog]
 10368 | Lair:2   | Reached XP level 12. HP: 78/84 MP: 13/13
 10581 | Lair:2   | Learned a level 1 spell: Freeze
 10722 | Lair:2   | Slain by a yak

Skill      XL: |  1  2  3  4  5  6  7  8  9 10 11 12 |
---------------+-------------------------------------+-----
Slings         | 6 7 8 9 10 12 13 14 16 | 16.2
Fighting       | 2 3 4 5 7 8 |  8.9
Stealth        | 2 3 5 6 8 9 |  9.6
Armour         | 1 2 3 4 5 |  5.6
Dodging        | 3 4 |  4.2
Shields        | 1 2 |  2.9
Invocations    | 1 2 |  2.0

Action                   |  1- 3 |  4- 6 |  7- 9 | 10-12 || total
-------------------------+-------+-------+-------+-------++-------
Melee: Hunting sling     |       |       |       |    37 ||    37
 Fire: Hunting sling     |    71 |   184 |   304 |   528 ||  1087
Invok: Heal Other        |       |       |       |     3 ||     3
       Greater Healing   |       |       |       |     4 ||     4
       Lesser Healing    |       |       |       |     1 ||     1
Evoke: Wand              |       |       |     1 |       ||     1
  Use: Scroll            |       |     5 |    10 |     8 ||    23
       Potion            |       |       |     1 |       ||     1
  Eat: Chunk             |       |    17 |    12 |    12 ||    41
Armor: Leather armour    |     6 |    19 |       |       ||    25
       Ring mail         |       |     4 |    29 |    22 ||    55
       Robe              |       |       |       |    23 ||    23
Dodge: Dodged            |    21 |    56 |    67 |   117 ||   261
Block: Buckler           |       |       |     5 |    45 ||    50
